 Dungeon Crawl Stone Soup version 0.28-b1-1-g3c77fb2ed1 (webtiles) character file.

Game seed: 16673365954318173709

145 safid the Chopper (level 5, 0/46 HPs)
             Began as a Hill Orc Fighter on Jan 30, 2022.
             Slain by an ogre (27 damage)
             ... on level 4 of the Dungeon.
             The game lasted 00:06:40 (2742 turns).

safid the Chopper (Hill Orc Fighter)                Turns: 2742, Time: 00:06:40

Health: 0/46       AC: 11    Str: 21    XL:     5   Next: 27%
Magic:  5/5        EV:  5    Int:  8    God:
Gold:   123        SH:  4    Dex: 10    Spells: 4/4 levels left

rFire   . . .      SeeInvis +   a - +0 war axe
rCold   . . .      Faith    .   c - +0 buckler
rNeg    . . .      Spirit   .   v - +0 plate armour
rPois   .          Reflect  .   (no helmet)
rElec   .          Harm     .   (no cloak)
rCorr   .          Rampage  .   (no gloves)
Will    .....                   (no boots)
Stlth   ..........              (no amulet)
HPRegen 0.15/turn               u - ring of see invisible
MPRegen 0.09/turn               (no ring)

@: no status effects
A: no striking features
a: no special abilities


You were on level 4 of the Dungeon.
You visited 1 branch of the dungeon, and saw 4 of its levels.

You collected 123 gold pieces.

Inventory:

Hand Weapons
 a - a +0 war axe (weapon)
Missiles
 i - a javelin (quivered)
Armour
 c - a +0 buckler (worn)
 o - the +1 leather armour of Bupeyvu {Rampage rC++ Regen+ Int-2}
   (You found it on level 2 of the Dungeon)

   Int:       It affects your intelligence (-2).
   rC:        It greatly protects you from cold.
   Regen:     It increases your rate of health regeneration.
   Rampage:   It bestows one free step when moving towards enemies.
 v - a +0 plate armour (worn)
Jewellery
 r - a ring of magical power
 u - a ring of see invisible (left hand)
Scrolls
 e - a scroll of vulnerability {unknown}
 g - 2 scrolls of teleportation {unknown}
 h - a scroll of blinking {unknown}
 l - 2 scrolls of torment {unknown}
 m - a scroll of immolation {unknown}
 p - 4 scrolls of identify {unknown}
 q - a scroll of brand weapon {unknown}
 s - 2 scrolls of enchant weapon {unknown}
 t - a scroll of enchant armour {unknown}
Potions
 d - 2 potions of might
 f - 2 potions of mutation {unknown}
 j - a potion of cancellation {unknown}
 k - 3 potions of curing {unknown}
 n - 2 potions of lignification {unknown}


   Skills:
 - Level 4.0 Fighting
 + Level 4.7 Axes
 - Level 4.0 Armour
 + Level 4.7 Shields


You had 4 spell levels left.
You didn't know any spells.
Your spell library contained the following spells:

 Spells                   Type           Power      Damage    Failure   Level
 Ensorcelled Hibernation  Hex/Ice        0%         N/A       100%        2
 Passwall                 Tmut/Erth      0%         N/A       100%        2
 Scorch                   Fire           0%         2d5       100%        2
 Swiftness                Air            0%         N/A       100%        3
 Flame Wave               Conj/Fire      0%         2d4       100%        4
 Summon Cactus Giant      Summ           0%         N/A       100%        6


Dungeon Overview and Level Annotations

Branches:
Dungeon (4/15)
 Temple: D:4-7

Altars:
Fedhas
Kikubaaqudgha
Qazlal
Trog

Shops:
D:2 [


Message History

You closely miss the adder.
The adder is heavily wounded.
The adder bites you but does no damage.
You miss the adder.
The adder is heavily wounded.
The adder bites you but does no damage. The adder barely misses you.
You slash the adder!
You kill the adder!
An ogre comes into view. It is wielding a +0 giant spiked club.
The ogre shouts!
Throw: 2 javelins
Press: ? - help, Q - select action Shift-Dir - straight line, f - ogre
Aim: an ogre, wielding a +0 giant spiked club (73% to hit)
You throw a javelin. The javelin pierces through the ogre.
The ogre is lightly wounded.
Unknown command.
You hit the ogre.
The ogre is lightly wounded.
The ogre hits you but does no damage.
You slash the ogre!
The ogre is severely wounded.
The ogre hits you with a +0 giant spiked club!
Unknown command.
You hit the ogre.
The ogre is severely wounded.
A quokka comes into view.
The ogre completely misses you.
Unknown command.
You closely miss the ogre.
The ogre is severely wounded.
The ogre barely misses you.
Unknown command.
You barely miss the ogre.
The ogre is severely wounded.
The ogre hits you but does no damage.
You slash the ogre!
The ogre is almost dead.
The ogre hits you with a +0 giant spiked club!!
Ouch! That really hurt!
You die...

#.|......>#... #....
.......#.).... #####.#..
.####..>.#####
##...#.#.##.#.....<##
.........#..#......######
........?..##......#....#
......#...##.......#....#
#..................#....#
#(...r.O@..#.......#....#
#.....###...............#
..... #....(..........#
.... #.#.............#
... ###.#..###..##.....
#. ##...#..# #..###.### #
###..###.####..#...# #
(.............[#.###
#...............


You could see an ogre and a quokka.

Vanquished Creatures
  A jelly (D:4)
  A hound (D:4)
  3 adders
  An adder skeleton (D:4)
  3 dart slugs
  An orc (D:3)
  4 ball pythons
  6 endoplasms
  3 giant cockroaches
  3 goblins
  7 hobgoblins
  A quokka (D:3)
  5 bats
  A frilled lizard (D:1)
  8 kobolds
  2 rats
50 creatures vanquished.

Vanquished Creatures (others)
  2 plants (D:2)
2 creatures vanquished.

Grand Total: 52 creatures vanquished

Notes
Turn   | Place    | Note
-------+----------+-------------------------------------------
     0 | D:1      | safid the Hill Orc Fighter began the quest for the Orb.
     0 | D:1      | Reached XP level 1. HP: 19/19 MP: 1/1
    61 | D:1      | Found a faded altar of an unknown god.
   515 | D:1      | Reached XP level 2. HP: 27/27 MP: 2/2
   843 | D:2      | Found Talaist's Antique Armour Boutique.
   958 | D:2      | Reached XP level 3. HP: 19/33 MP: 3/3
  1123 | D:2      | Identified the +1 leather armour of Bupeyvu {Rampage rC++
                  | Regen+ Int-2}
  1536 | D:2      | Found a bloodstained altar of Trog.
  1777 | D:3      | Reached XP level 4. HP: 37/40 MP: 4/4
  1848 | D:3      | Found a stormy altar of Qazlal.
  1849 | D:3      | Found a blossoming altar of Fedhas.
  2207 | D:3      | Found an ancient bone altar of Kikubaaqudgha.
  2495 | D:4      | Reached XP level 5. HP: 33/46 MP: 5/5
  2732 | D:4      | Noticed an ogre
  2742 | D:4      | Slain by an ogre

Illustrated notes

Levels and vault maps discovered:
D:1:      dpeg_arrival_shelter, layout_basic, shapermc_ecumenical_altar_pompeii,
          serial_glass, glass_columns_b, glass_columns_a
D:2:      layout_basic, basic_altar, serial_shops,
          nicolae_shop_overgrown_old_shop
D:3:      layout_loops_cross, grunt_temple_overflow_forces_of_nature,
          mainiacjoe_overflow_concentric_impassable
D:4:      layout_rooms

Skill      XL: |  1  2  3  4 |
---------------+-------------+-----
Axes           | 3 4 |  4.7
Fighting       | 4 |  4.0
Shields        | 4 |  4.7
Armour         | 4 |  4.0

Action                   |  1- 3 |  4- 6 || total
-------------------------+-------+-------++-------
Melee: War axe           |    95 |    64 ||   159
Throw: Javelin           |       |     1 ||     1
Armor: Scale mail        |    38 |    16 ||    54
       Plate armour      |       |     9 ||     9
Dodge: Dodged            |    51 |    31 ||    82
Block: Buckler           |    16 |    13 ||    29
